 Dungeon Crawl Stone Soup version 0.23-a0-356-g1757c6e (webtiles) character file.

430 GizzardofKazz the Stinger (level 7, -2/52 HPs)
             Began as a Formicid Venom Mage on Oct 21, 2018.
             Was an Initiate of Sif Muna.
             Succumbed to a water moccasin's poison
             ... on level 4 of the Dungeon.
             The game lasted 00:23:47 (3807 turns).

GizzardofKazz the Stinger (Formicid Venom Mage)     Turns: 3807, Time: 00:23:47

Health: -2/52      AC: 11    Str: 13 (14) XL:     7   Next: 19%
Magic:  12/12      EV: 12    Int: 12 (15) God:    Sif Muna [......]
Gold:   104        SH:  4    Dex: 10 (11) Spells: 3/13 levels left

rFire    . . .     SeeInvis +   e - +1 dagger (protect)
rCold    . . .     Gourm    .   d - +0 buckler
rNeg     . . .     Faith    .   a - +2 robe {MR+}
rPois    .         Spirit   .   (helmet unavailable)
rElec    .         Reflect  .   (no cloak)
rCorr    .         Harm     .   (no gloves)
MR       +....                  (no boots)
Stlth    +++.......             f - amulet of magic regeneration
HPRegen  0.17/turn              g - ring of stealth
MPRegen  0.38/turn              t - ring of see invisible

@: lethally poisoned (-2 -> -28), protection aura
A: permanent stasis, dig shafts and tunnels, four strong arms, antennae 3
a: Dig, Shaft Self, Renounce Religion


You were on level 4 of the Dungeon.
You worshipped Sif Muna.
Sif Muna was noncommittal.
You were very hungry.

You visited 1 branch of the dungeon, and saw 4 of its levels.

You collected 104 gold pieces.

Inventory:

Hand Weapons
 e - a +1 dagger of protection (weapon)
Armour
 a - a +2 robe of magic resistance (worn)
 d - a +0 buckler (worn)
Jewellery
 f - an amulet of magic regeneration (around neck)
 g - a ring of stealth (left hand)
 r - an uncursed amulet of the acrobat {unknown}
 t - a ring of see invisible (right hand)
 x - a cursed ring of resist corrosion
Wands
 o - a wand of flame (28)
 y - a wand of polymorph (9)
Scrolls
 b - a scroll of enchant armour {unknown}
 h - 2 scrolls of teleportation {unknown}
 j - 2 scrolls of fear {unknown}
 l - 2 scrolls of enchant weapon {unknown}
 p - a scroll of fog {unknown}
 q - a scroll of remove curse {unknown}
 s - 2 scrolls of amnesia {unknown}
 v - a scroll of identify {unknown}
 w - a scroll of noise {unknown}
Potions
 u - a potion of cancellation
Comestibles
 c - 9 rations


   Skills:
 + Level 3.2 Fighting
 - Level 1.7 Dodging
 - Level 2.4 Stealth
 - Level 2.4 Shields
 + Level 3.8 Spellcasting
 + Level 2.9 Conjurations
 + Level 5.9 Poison Magic


You had 3 spell levels left.
You knew the following spells:

 Your Spells              Type           Power        Failure   Level  Hunger
a - Poisonous Vapours     Pois/Air       #.....       10%         2    ##.....
b - Sting                 Conj/Pois      ##..         3%          1    #......
c - Mephitic Cloud        Conj/Pois/Air  #.......     21%         3    ###....
d - Olgreb's Toxic Radia  Pois           ###.....     19%         4    #####..

Your spell library contained the following spells:

 Spells                   Type           Power        Failure   Level  Hunger
 Venom Bolt               Conj/Pois      ##........   69%         5    ######.


Dungeon Overview and Level Annotations

Branches:
Dungeon (4/15)
 Temple: D:4-7

Altars:
Dithmenos
Okawaru
Sif Muna


Innate Abilities, Weirdness & Mutations

You cannot be hasted, slowed, berserked, paralysed or teleported.
You can dig through walls and to a lower floor.
Your four strong arms can wield two-handed weapons with a shield.
You have a pair of large antennae on your head. (SInv)


Message History

The water moccasin is almost dead.
* * * LOW HITPOINT WARNING * * *
You feel sick.
The water moccasin bites you but does no damage.
You barely miss the water moccasin.
The water moccasin is almost dead.
* * * LOW HITPOINT WARNING * * *
You feel sick. You block the water moccasin's attack.
You are feeling very hungry.
You hit the water moccasin but do no damage.
The water moccasin is almost dead.
* * * LOW HITPOINT WARNING * * *
You feel sick. The water moccasin bites you.
* * * LOW HITPOINT WARNING * * *
You are more poisoned.
The water moccasin poisons you!
The water moccasin bites you but does no damage.
You hit the water moccasin.
The water moccasin is almost dead.
You die...

#....# .#
###########....# #####..
...............##.......
##########......#.......
#....#.#.......
#.#+##.#.......
#.#.##'#.......
#.#......# #.+..(.@##
###....S# #.....#
#...... #...... #.......
#....... #.......#


You could see a water moccasin.

Vanquished Creatures
  A hound (D:4)
  An orc priest (D:3)
  An iguana (D:2)
  An orc wizard (D:3)
  Jessica (D:2)
  Natasha (thrice) (D:2)
  Terence (D:2)
  2 worker ants (D:4)
  Robin (D:2)
  5 adders
  2 worms
  5 dart slugs
  A leopard gecko (D:2)
  3 orcs (D:3)
  6 bats
  A giant cockroach (D:1)
  15 goblins
  5 hobgoblins
  7 jackals
  8 kobolds
  4 frilled lizards (D:1)
  8 rats
82 creatures vanquished.

Notes
Turn   | Place    | Note
-------+----------+-------------------------------------------
     0 | D:1      | GizzardofKazz the Formicid Venom Mage began the quest for
                  | the Orb.
     0 | D:1      | Reached XP level 1. HP: 13/13 MP: 3/3
   139 | D:1      | Reached skill level 1 in Conjurations
   351 | D:1      | Reached XP level 2. HP: 20/20 MP: 0/5
   408 | D:1      | Learned a level 2 spell: Poisonous Vapours
   749 | D:1      | Reached XP level 3. HP: 22/25 MP: 1/6
   776 | D:1      | Reached skill level 1 in Fighting
   901 | D:1      | Reached skill level 1 in Shields
  1060 | D:2      | Noticed Jessica
  1065 | D:2      | Killed Jessica
  1065 | D:2      | Reached XP level 4. HP: 32/32 MP: 2/8
  1086 | D:2      | Noticed Terence
  1094 | D:2      | Killed Terence
  1150 | D:2      | Reached XP level 5. HP: 18/38 MP: 2/9
  1386 | D:2      | Noticed Natasha
  1389 | D:2      | Killed Natasha
  1497 | D:2      | Reached skill level 5 in Poison Magic
  1505 | D:2      | Noticed Robin
  1555 | D:2      | Killed Robin
  1766 | D:2      | Learned a level 3 spell: Mephitic Cloud
  1771 | D:2      | Learned a level 4 spell: Olgreb's Toxic Radiance
  1835 | D:2      | Noticed Natasha
  1843 | D:2      | Killed Natasha
  1843 | D:2      | Reached XP level 6. HP: 30/45 MP: 0/10
  2035 | D:2      | Noticed Natasha
  2045 | D:2      | Killed Natasha
  2655 | D:3      | Found a shadowy altar of Dithmenos.
  2659 | D:3      | Found an iron altar of Okawaru.
  3084 | D:3      | Found a deep blue altar of Sif Muna.
  3087 | D:3      | Became a worshipper of Sif Muna the Loreminder
  3727 | D:4      | Reached XP level 7. HP: 52/52 MP: 6/12
  3770 | D:4      | Noticed a water moccasin
  3806 | D:4      | HP: 1/52 [water moccasin (5)]
  3807 | D:4      | Succumbed to a water moccasin's poison

Vault maps used:
D:1:      dpeg_arrival_rhombi, minmay_misc_feat_x, minmay_pentomino_r4
D:2:      uniq_terence, uniq_jessica, uniq_robin, uniq_natasha
D:3:      lemuel_blue_sif_altar, nicolae_overflow_hidden_temple, first_ration

Skill      XL: |  1  2  3  4  5  6 |
---------------+-------------------+-----
Conjurations   | 1 2 |  2.9
Fighting       | 1 2 3 |  3.2
Shields        | 1 2 |  2.4
Spellcasting   | 3 |  3.8
Poison Magic   | 5 |  5.9
Dodging        | |  1.7
Stealth        | |  2.4

Action                   |  1- 3 |  4- 6 |  7- 9 || total
-------------------------+-------+-------+-------++-------
Melee: Dagger            |       |    27 |    24 ||    51
 Cast: Sting             |    49 |   100 |     8 ||   157
       Poisonous Vapours |       |    49 |     2 ||    51
  Use: Potion            |       |       |     5 ||     5
  Eat: Chunk             |     1 |    11 |       ||    12
Armor: Robe              |       |    23 |    16 ||    39
Dodge: Dodged            |     3 |    31 |    10 ||    44
Block: Buckler           |       |    15 |     3 ||    18

Table legend:
 A = Non-vault XP
 B = Vault XP
 C = Vault XP percentage of total XP
 D = Non-vault monster count
 E = Vault monster count
 F = Vault count percentage of total count
                 A         B        C        D         E       F
            +---------+---------+-------+---------+---------+-------
      Total |     474 |     141 |  22.9 |      66 |      16 |  19.5
            +---------+---------+-------+---------+---------+-------
        D:1 |      32 |       2 |   5.9 |      19 |       2 |   9.5
        D:2 |     194 |     139 |  41.7 |      27 |      14 |  34.1
        D:3 |     140 |       0 |   0.0 |      17 |       0 |   0.0
        D:4 |     108 |       0 |   0.0 |       3 |       0 |   0.0
            +---------+---------+-------+---------+---------+-------
